TOP OF THE 1ST |
Blacksburg Tribe batting - Pitching for Pulaski Counts : RHP Scott Gardner
|
Pitching: RHP Scott Gardner
|
|
Batting: RHB Jesus Alcala
|
0-0: Swinging Strike 0-1: Foul Ball, location: 2F 0-2: Ball 1-2: Ball 2-2: Foul Ball, location: 2F 2-2: Ground out U3 (Groundball, 13, EV 86.9 MPH)
|
Batting: RHB Jay Munson
|
0-0: Fly out, F8 (Flyball, 78D, EV 95.0 MPH)
|
Batting: LHB George Cecchetti
|
0-0: Ball 1-0: Ball 2-0: Fly out, F6 (Popup, 6M, EV 67.5 MPH)
|
Top of the 1st over - 0 runs, 0 hits, 0 errors, 0 left on base; Blacksburg 0 - Pulaski 0 |
BOTTOM OF THE 1ST |
Pulaski Counts batting - Pitching for Blacksburg Tribe : RHP Israel Garcia
|
Pitching: RHP Israel Garcia
|
|
Batting: RHB Eric Jones
|
0-0: Ground out 6-3 (Groundball, 6, EV 106.9 MPH)
|
Batting: RHB Brett Benza
|
0-0: Called Strike 0-1: Swinging Strike 0-2: Ground out 6-3 (Groundball, 6, EV 83.8 MPH)
|
Batting: RHB John DiGioia
|
0-0: Ball 1-0: Ball 2-0: Ball 3-0: Base on Balls
|
Batting: SHB Steve Walker
|
Pickoff Throw to First - Out! 1-3
|
Bottom of the 1st over - 0 runs, 0 hits, 0 errors, 0 left on base; Blacksburg 0 - Pulaski 0 |
TOP OF THE 2ND |
Blacksburg Tribe batting - Pitching for Pulaski Counts : RHP Scott Gardner
|
Batting: RHB Alwin Creel
|
0-0: Ground out U3 (Groundball, 34, EV 91.3 MPH)
|
Batting: RHB Omar Mora
|
0-0: Ball 1-0: Foul Ball, location: 2F 1-1: Ball 2-1: Called Strike 2-2: Ball 3-2: Foul Ball, location: 2F 3-2: Base on Balls
|
Batting: LHB Jose Infante
|
0-0: TRIPLE (Flyball, 8RXD, EV 90.6 MPH) Omar Mora scores
|
Batting: SHB Gary Miller-Jones
|
0-0: Ball 1-0: Ball 2-0: Called Strike 2-1: Ball 3-1: Base on Balls
|
Batting: RHB Michael Lanum
|
0-0: Called Strike 0-1: Ball 1-1: Called Strike 1-2: Ball 2-2: Grounds into double play, 6-4-3 (Groundball, 6, EV 87.5 MPH)
|
Top of the 2nd over - 1 run, 1 hit, 0 errors, 1 left on base; Blacksburg 1 - Pulaski 0 |
BOTTOM OF THE 2ND |
Pulaski Counts batting - Pitching for Blacksburg Tribe : RHP Israel Garcia
|
Batting: SHB Steve Walker
|
0-0: Ball 1-0: Ball 2-0: Swinging Strike 2-1: Swinging Strike 2-2: Ground out U3 (Groundball, 34, EV 103.8 MPH)
|
Batting: LHB Jon Zureich
|
0-0: Ball 1-0: Ball 2-0: Ball 3-0: Called Strike 3-1: Ground out U3 (Groundball, 3, EV 105.0 MPH)
|
Batting: RHB Jeffrey Ahlert
|
0-0: Ball 1-0: Swinging Strike 1-1: Foul Ball, location: 2F 1-2: Strikes out swinging
|
Bottom of the 2nd over - 0 runs, 0 hits, 0 errors, 0 left on base; Blacksburg 1 - Pulaski 0 |
TOP OF THE 3RD |
Blacksburg Tribe batting - Pitching for Pulaski Counts : RHP Scott Gardner
|
Batting: RHB Angel Rodriguez
|
0-0: Called Strike 0-1: SINGLE (Line Drive, 89S, EV 97.5 MPH)
|
Batting: RHB Jesus Alcala
|
0-0: Called Strike 0-1: SINGLE (Groundball, 4MD, EV 102.5 MPH) Angel Rodriguez to second Runner from 2nd tries for 3rd, SAFE, no throw by CF
|
Batting: RHB Jay Munson
|
0-0: Ball 1-0: Foul Ball, location: 2F 1-1: Fly out, F8 (Flyball, 8LS, EV 71.9 MPH)
|
Batting: LHB George Cecchetti
|
0-0: Ball 1-0: Called Strike 1-1: Ball 2-1: Swinging Strike 2-2: Strikes out swinging
|
Batting: RHB Alwin Creel
|
0-0: Ball 1-0: SINGLE (Line Drive, 34, EV 104.4 MPH) Angel Rodriguez scores Jesus Alcala to second
|
Batting: RHB Omar Mora
|
0-0: Ball 1-0: Ball 2-0: Fly out, F9 (Flyball, 9LM, EV 86.3 MPH)
|
Top of the 3rd over - 1 run, 3 hits, 0 errors, 2 left on base; Blacksburg 2 - Pulaski 0 |
BOTTOM OF THE 3RD |
Pulaski Counts batting - Pitching for Blacksburg Tribe : RHP Israel Garcia
|
Batting: RHB Scott Beals
|
0-0: Ground out 4-3 (Groundball, 4S, EV 68.1 MPH)
|
Batting: RHB Dario Vasquez
|
0-0: Ball 1-0: Fly out, F9 (Flyball, 89M, EV 88.1 MPH)
|
Batting: RHB Edwin Marquez
|
0-0: Swinging Strike 0-1: Ball 1-1: Ball 2-1: Ball 3-1: Foul Ball, location: 2F 3-2: Ground out 4-3 (Groundball, 34, EV 108.8 MPH)
|
Bottom of the 3rd over - 0 runs, 0 hits, 0 errors, 0 left on base; Blacksburg 2 - Pulaski 0 |
TOP OF THE 4TH |
Blacksburg Tribe batting - Pitching for Pulaski Counts : RHP Scott Gardner
|
Batting: LHB Jose Infante
|
0-0: Ball 1-0: Swinging Strike 1-1: Ground out 6-3 (Groundball, 6, EV 83.8 MPH)
|
Batting: SHB Gary Miller-Jones
|
0-0: Ground out 4-3 (Groundball, 4, EV 104.4 MPH)
|
Batting: RHB Michael Lanum
|
0-0: Called Strike 0-1: Ball 1-1: Ball 2-1: Ball 3-1: Called Strike 3-2: Base on Balls
|
Batting: RHB Angel Rodriguez
|
0-0: Ball 1-0: Ground out 4-3 (Groundball, 4MS, EV 74.4 MPH)
|
Top of the 4th over - 0 runs, 0 hits, 0 errors, 1 left on base; Blacksburg 2 - Pulaski 0 |
BOTTOM OF THE 4TH |
Pulaski Counts batting - Pitching for Blacksburg Tribe : RHP Israel Garcia
|
Batting: RHB Eric Jones
|
0-0: Foul Ball, location: 2F 0-1: Fly out, F7 (Line Drive, 78S, EV 86.9 MPH)
|
Now in LF: Trent Purcell
|
|
Batting: RHB Brett Benza
|
0-0: Ground out U3 (Groundball, 34, EV 91.3 MPH)
|
Batting: RHB John DiGioia
|
0-0: Ball 1-0: Swinging Strike 1-1: Fly out, F8 (Flyball, 89M, EV 88.1 MPH)
|
Bottom of the 4th over - 0 runs, 0 hits, 0 errors, 0 left on base; Blacksburg 2 - Pulaski 0 |
TOP OF THE 5TH |
Blacksburg Tribe batting - Pitching for Pulaski Counts : RHP Scott Gardner
|
Batting: RHB Jesus Alcala
|
0-0: Ground out 5-3 (Groundball, 56, EV 96.9 MPH)
|
Batting: RHB Jay Munson
|
0-0: Foul Ball, location: 2F 0-1: SINGLE (Groundball, 34D, EV 99.4 MPH)
|
Batting: LHB Trent Purcell
|
0-0: Called Strike 0-1: Fielders Choice at 2nd, 3-6 (Groundball, 34S, EV 88.8 MPH)
|
Batting: RHB Alwin Creel
|
0-0: Ball 1-0: Ball Trent Purcell steals 2nd base 2-0: Called Strike 2-1: Fly out, F6 (Popup, 6M, EV 58.8 MPH)
|
Top of the 5th over - 0 runs, 1 hit, 0 errors, 1 left on base; Blacksburg 2 - Pulaski 0 |
BOTTOM OF THE 5TH |
Pulaski Counts batting - Pitching for Blacksburg Tribe : RHP Israel Garcia
|
Batting: SHB Steve Walker
|
0-0: Foul Ball, location: 2F 0-1: Ball 1-1: Ball 2-1: Foul Ball, location: 2F 2-2: Fly out, F4 (Line Drive, 4, EV 73.1 MPH)
|
Batting: LHB Jon Zureich
|
0-0: Ground out 4-3 (Groundball, 4, EV 85.6 MPH)
|
Batting: RHB Jeffrey Ahlert
|
0-0: Called Strike 0-1: Swinging Strike 0-2: Foul Ball, location: 2F 0-2: Foul Ball, location: 2F 0-2: Ball 1-2: SINGLE (Groundball, 56D, EV 103.8 MPH)
|
Batting: RHB Scott Beals
|
0-0: Fielders Choice at 2nd, 6-4 (Groundball, 6, EV 81.9 MPH)
|
Bottom of the 5th over - 0 runs, 1 hit, 0 errors, 1 left on base; Blacksburg 2 - Pulaski 0 |
TOP OF THE 6TH |
Blacksburg Tribe batting - Pitching for Pulaski Counts : RHP Scott Gardner
|
Batting: RHB Omar Mora
|
0-0: Called Strike 0-1: Ball 1-1: Ball 2-1: Swinging Strike 2-2: Foul Ball, location: 2F 2-2: Foul Ball, location: 2F 2-2: Foul Ball, location: 2F 2-2: SINGLE (Line Drive, 4MD, EV 104.4 MPH)
|
Batting: LHB Jose Infante
|
0-0: Foul Ball, location: 2F 0-1: Ball 1-1: Ball 2-1: Ball Omar Mora is caught stealing 2nd base 2-6 3-1: Foul Ball, location: 2F 3-2: Strikes out swinging
|
Batting: SHB Gary Miller-Jones
|
0-0: Ball 1-0: Fly out, F8 (Flyball, 89XD, EV 94.4 MPH)
|
Top of the 6th over - 0 runs, 1 hit, 0 errors, 0 left on base; Blacksburg 2 - Pulaski 0 |
BOTTOM OF THE 6TH |
Pulaski Counts batting - Pitching for Blacksburg Tribe : RHP Israel Garcia
|
Batting: RHB Dario Vasquez
|
0-0: Ball 1-0: Swinging Strike 1-1: Ball 2-1: Fly out, F9 (Flyball, 9LM, EV 88.8 MPH)
|
Batting: RHB Edwin Marquez
|
0-0: Called Strike 0-1: Ground out 5-3 (Groundball, 5L, EV 82.5 MPH)
|
Batting: RHB Eric Jones
|
0-0: Called Strike 0-1: Foul Ball, location: 2F 0-2: Ball 1-2: SINGLE (Line Drive, 89M, EV 108.1 MPH)
|
Batting: RHB Brett Benza
|
0-0: Called Strike Eric Jones steals 2nd base 0-1: Ground out 3-1 (Groundball, 34, EV 105.0 MPH)
|
Bottom of the 6th over - 0 runs, 1 hit, 0 errors, 1 left on base; Blacksburg 2 - Pulaski 0 |
TOP OF THE 7TH |
Blacksburg Tribe batting - Pitching for Pulaski Counts : RHP Scott Gardner
|
Batting: RHB Michael Lanum
|
0-0: Called Strike 0-1: Ball 1-1: Ball 2-1: SINGLE (Flyball, 89S, EV 88.8 MPH)
|
Batting: RHB Angel Rodriguez
|
0-0: Ball 1-0: Ball 2-0: Called Strike 2-1: Ball 3-1: Swinging Strike 3-2: Strikes out looking
|
Batting: RHB Jesus Alcala
|
0-0: Ball 1-0: Swinging Strike 1-1: Fly out, F3 (Popup, 3SF, EV 85.6 MPH)
|
Batting: RHB Jay Munson
|
0-0: Called Strike 0-1: Fly out, F8 (Line Drive, 8RD, EV 91.9 MPH)
|
Top of the 7th over - 0 runs, 1 hit, 0 errors, 1 left on base; Blacksburg 2 - Pulaski 0 |
BOTTOM OF THE 7TH |
Pulaski Counts batting - Pitching for Blacksburg Tribe : RHP Israel Garcia
|
Batting: RHB John DiGioia
|
0-0: Ball 1-0: Foul Ball, location: 2F 1-1: Foul Ball, location: 2F 1-2: Foul Ball, location: 2F 1-2: Ball 2-2: SINGLE (Line Drive, 78M, EV 106.3 MPH)
|
Batting: SHB Steve Walker
|
0-0: Ball 1-0: Foul Ball, location: 2F 1-1: Ball 2-1: Fly out, F8 (Line Drive, 8RM, EV 102.5 MPH)
|
Batting: LHB Jon Zureich
|
0-0: Ball 1-0: Fielders Choice at 2nd, 6-4 (Groundball, 6, EV 83.8 MPH)
|
Batting: RHB Jeffrey Ahlert
|
0-0: Ball 1-0: SINGLE (Line Drive, 6MD, EV 93.8 MPH) Jon Zureich to second Runner from 2nd tries for 3rd, SAFE, no throw by CF
|
Batting: RHB Scott Beals
|
0-0: Ball 1-0: Fly out, F8 (Line Drive, 8LM, EV 98.1 MPH)
|
Bottom of the 7th over - 0 runs, 2 hits, 0 errors, 2 left on base; Blacksburg 2 - Pulaski 0 |
TOP OF THE 8TH |
Blacksburg Tribe batting - Pitching for Pulaski Counts : RHP Scott Gardner
|
Batting: LHB Trent Purcell
|
0-0: Called Strike 0-1: Ball 1-1: SINGLE (Line Drive, 3D, EV 105.6 MPH)
|
Batting: RHB Alwin Creel
|
0-0: Ball 1-0: Ball 2-0: DOUBLE (Line Drive, 9LD, EV 108.8 MPH) Trent Purcell to third
|
Batting: RHB Omar Mora
|
0-0: Called Strike 0-1: Foul Ball, location: 2F 0-2: Fly out, F8 (Flyball, 8RXD, EV 102.5 MPH) Runner from 3rd tags up, SCORES, no throw by CF
|
Batting: LHB Jose Infante
|
0-0: Ball 1-0: Called Strike 1-1: Ground out 4-3 (Groundball, 4S, EV 92.5 MPH) Alwin Creel to third
|
Batting: SHB Gary Miller-Jones
|
0-0: Ball 1-0: Ground out 4-3 (Groundball, 4M, EV 81.9 MPH)
|
Top of the 8th over - 1 run, 2 hits, 0 errors, 1 left on base; Blacksburg 3 - Pulaski 0 |
BOTTOM OF THE 8TH |
Pulaski Counts batting - Pitching for Blacksburg Tribe : RHP Israel Garcia
|
Batting: RHB Dario Vasquez
|
0-0: Called Strike 0-1: Swinging Strike 0-2: Ball 1-2: Ball 2-2: Ball 3-2: Base on Balls
|
Batting: RHB Edwin Marquez
|
0-0: Called Strike 0-1: Ball 1-1: Ball 2-1: Ball 3-1: Grounds into double play, 6-4-3 (Groundball, 6, EV 96.9 MPH)
|
Batting: RHB Eric Jones
|
0-0: Fly out, F8 (Flyball, 8LXD, EV 90.0 MPH)
|
Bottom of the 8th over - 0 runs, 0 hits, 0 errors, 0 left on base; Blacksburg 3 - Pulaski 0 |
TOP OF THE 9TH |
Blacksburg Tribe batting - Pitching for Pulaski Counts : RHP Scott Gardner
|
Batting: RHB Michael Lanum
|
0-0: Ball 1-0: Foul Ball, location: 2F 1-1: Foul Ball, location: 2F 1-2: Foul Ball, location: 2F 1-2: Ball 2-2: Foul Ball, location: 2F 2-2: Foul Ball, location: 2F 2-2: Ball 3-2: Strikes out looking
|
Batting: RHB Angel Rodriguez
|
0-0: Ball 1-0: Fly out, F7 (Flyball, 7LS, EV 88.1 MPH)
|
Batting: RHB Jesus Alcala
|
0-0: Called Strike 0-1: Ground out 4-3 (Groundball, 4, EV 105.0 MPH)
|
Top of the 9th over - 0 runs, 0 hits, 0 errors, 0 left on base; Blacksburg 3 - Pulaski 0 |
BOTTOM OF THE 9TH |
Pulaski Counts batting - Pitching for Blacksburg Tribe : RHP Israel Garcia
|
Batting: RHB Brett Benza
|
0-0: Ground out 4-3 (Groundball, 34, EV 108.8 MPH)
|
Batting: RHB John DiGioia
|
0-0: Ball 1-0: Ball 2-0: Ball 3-0: Called Strike 3-1: Base on Balls
|
Batting: SHB Steve Walker
|
0-0: Ball 1-0: Ball 2-0: Foul Ball, location: 2F 2-1: Ball 3-1: Swinging Strike 3-2: Base on Balls John DiGioia to second
|
Batting: LHB Jon Zureich
|
0-0: Ball 1-0: Called Strike 1-1: Ball 2-1: Called Strike 2-2: Ground out 6-3 (Groundball, 4MS, EV 81.9 MPH) John DiGioia to third Steve Walker to second
|
Batting: RHB Jeffrey Ahlert
|
0-0: Called Strike 0-1: Ball 1-1: Ground out 6-3 (Groundball, 56, EV 108.1 MPH)
|
Bottom of the 9th over - 0 runs, 0 hits, 0 errors, 2 left on base; Blacksburg 3 - Pulaski 0 |
|